 Dungeon Sprint DCSS version 0.31-a0-1-g4198be8af4 (webtiles) character file.

Game seed: 13257356761359716311

214 fozzywoppz the Shield-Bearer (level 5, -3/53 HPs)
             Began as a Minotaur Fighter on May 1, 2023.
             Slain by a fire elemental (8 damage)
             ... summoned by a deep elf pyromancer
             ... in the Dungeon (Sprint III: "The Ten Rune Challenge").
             The game lasted 00:02:10 (388 turns).

fozzywoppz the Shield-Bearer (Minotaur Fighter)      Turns: 388, Time: 00:02:11

Health: -3/53      AC: 10    Str: 21    XL:     5   Next: 59%
Magic:  4/4        EV:  9    Int:  5    God:
Gold:   29         SH:  5    Dex: 11    Spells: 4/4 levels left

rFire   . . .        a - +0 flail
rCold   . . .        c - +0 buckler
rNeg    . . .        b - +0 scale mail
rPois   +            (helmet restricted)
rElec   .            (no cloak)
rCorr   .            (no gloves)
SInv    .            (no boots)
Will    .....        (no amulet) Stlth
                     (no ring)
HPRegen 0.28/turn    (no ring)
MPRegen 0.09/turn

%: no teleportation
@: on fire, glowing
A: horns 2, retaliatory headbutt, hooves 1, iridescent scales 1, poison
resistance
a: no special abilities


You were in the Dungeon.
You visited 1 branch You collected 29 gold pieces.

Inventory:

Hand Weapons
 a - a +0 flail (weapon)
 l - a +4 club
Armour
 b - a +0 scale mail (worn)
 c - a +0 buckler (worn)
Scrolls
 j - a scroll of blinking
 k - a scroll of vulnerability
 n - a scroll of immolation
 q - a scroll of torment {unknown}
Potions
 d - a potion of might
 g - a potion of haste
 h - 2 potions of magic
 i - a potion of berserk rage
 m - 3 potions of mutation
 p - 2 potions of flight
 r - a potion of brilliance


   Skills:
 + Level 7.9 Fighting
 + Level 7.3 Maces & Flails
 + Level 7.8 Armour
 + Level 7.9 Shields


You had 4 spell levels left.
You didn't know any spells.
Your spell library contained the following spells:

 Spells                   Type           Power      Damage    Failure   Level
 Freeze                   Ice            0%         1d3       83%         1
 Frozen Ramparts          Ice            0%         1d1       99%         3
 Hailstorm                Conj/Ice       0%         3d3       99%         3


Dungeon Overview and Level Annotations

Branches:
Dungeon (1/1)

Altars:
Elyvilon
Kikubaaqudgha
Sif Muna
Vehumet
Zin
The Shining One


Innate Abilities, Weirdness & Mutations

You have a pair of horns on your head.
You reflexively headbutt those who attack you in melee.
You have large cloven feet.
You are partially covered in iridescent scales. (AC +2)
Your system is resistant to poisons. (rPois)


Message History

The bolt of fire hits you!!!
Ouch! That really hurt!
* * * LOW HITPOINT WARNING * * *
There is an open door here.
You feel much better.
You thump the deep elf pyromancer!
Your kick misses the deep elf pyromancer.
The deep elf pyromancer is moderately wounded.
The deep elf pyromancer hits you with a +1 long sword of holy wrath!
You thump the deep elf pyromancer! You kick the deep elf pyromancer.
The deep elf pyromancer is heavily wounded.
The deep elf pyromancer points at you and mumbles some strange words.
The sticky flame hits you.
You are covered in liquid flames!
You hit the deep elf pyromancer.
Your kick misses the deep elf pyromancer.
The deep elf pyromancer is severely wounded.
You are covered in liquid flames!
The deep elf pyromancer casts a spell.
The deep elf pyromancer casts a spell at you.
The sticky flame hits you.
You are covered in liquid flames!
You barely miss the deep elf pyromancer.
The deep elf pyromancer is severely wounded.
You are covered in liquid flames!
The fire elemental hits you. The fire elemental burns you!
* * * LOW HITPOINT WARNING * * *
The fire elemental hits you. The fire elemental burns you!
* * * LOW HITPOINT WARNING * * *
The deep elf pyromancer points at you and mumbles some strange words.
The sticky flame hits you.
You are covered in liquid flames!
* * * LOW HITPOINT WARNING * * *
You feel better.
You are covered in liquid flames!
* * * LOW HITPOINT WARNING * * *
The fire elemental closely misses you. You furiously retaliate!
You headbutt the fire elemental! The fire elemental hits you.
The fire elemental burns you!
You die...

▓▓▓▓ ▓▓▓ ...####
##.#####
......#####..#___#
....[..#..#..#!eE#
#.##...#..#..###@#+###+
#.###..##'#..#..E.......
##.##..###...'.⌠........
..##..####...#...######+
..##..###....#)⌠.#
.##...##.....#...#
##....#......#'###
##..##†#.....#.).#
#..#####....#___#


You could see a deep elf pyromancer and 2 fire elementals.

Vanquished Creatures
  A water elemental (D)
  A scorpion (D)
  Jessica (D)
  A wizard (D)
  A human (D)
  A kobold demonologist (D)
  2 endoplasms (D)
  A rat (D)
9 creatures vanquished.

Vanquished Creatures (others)
  A plant (D)
1 creature vanquished.

Grand Total: 10 creatures vanquished

Notes
Turn   | Place    | Note
-------+----------+-------------------------------------------
     0 | D        | fozzywoppz the Minotaur Fighter began the quest for the
                  | Orb.
     0 | D        | Reached XP level 1. HP: 19/19 MP: 0/0
    26 | D        | Noticed Jessica
    30 | D        | Killed Jessica
    31 | D        | Reached skill level 5 in Fighting
    31 | D        | Reached skill level 5 in Armour
    31 | D        | Reached skill level 5 in Shields
    31 | D        | Reached XP level 2. HP: 8/29 MP: 1/1
    31 | D        | Reached XP level 3. HP: 10/36 MP: 2/2
   159 | D        | Noticed a scorpion
   162 | D        | Killed a scorpion
   163 | D        | Reached skill level 5 in Maces & Flails
   163 | D        | Reached XP level 4. HP: 45/45 MP: 3/3
   183 | D        | Gained mutation: You are partially covered in iridescent
                  | scales. (AC +2) [potion of mutation]
   183 | D        | Gained mutation: Your system is resistant to poisons.
                  | (rPois) [potion of mutation]
   183 | D        | Gained mutation: You have large cloven feet. [potion of
                  | mutation]
   187 | D        | Noticed a water elemental
   196 | D        | Killed a water elemental
   197 | D        | Reached XP level 5. HP: 7/52 MP: 4/4
   362 | D        | Found a radiant altar of Vehumet.
   362 | D        | Found a shimmering blue altar of Sif Muna.
   362 | D        | Found an ancient bone altar of Kikubaaqudgha.
   381 | D        | Found a glowing silver altar of Zin.
   382 | D        | Found a glowing golden altar of the Shining One.
   382 | D        | Found a white marble altar of Elyvilon.
   382 | D        | Noticed a deep elf pyromancer
   387 | D        | Noticed a fire elemental
   387 | D        | Noticed a fire elemental
   387 | D        | HP: 1/53 [deep elf pyromancer/sticky flame (4)]
   388 | D        | Slain by a fire elemental

Illustrated notes

Levels and vault maps discovered:
D:        dungeon_sprint_mu [sprint_mu_entry_cave, sprint_mu_temple_rooms,
          sprint_mu_d1_spiders, sprint_mu_d2_genie, sprint_mu_d3_branching,
          sprint_mu_orc_legion, sprint_mu_elf_gauntlet, sprint_mu_hive_nellie,
          sprint_mu_lair_fedhas, sprint_mu_vaults_butterflies,
          sprint_mu_slime_circle, sprint_mu_swamp_cave, sprint_mu_snake_twists,
          sprint_mu_blade_basic, sprint_mu_crypt_lich, sprint_mu_tomb_spiral,
          sprint_mu_vestibule_basic, sprint_mu_gehenna_hellfire,
          sprint_mu_dis_giant, sprint_mu_tartarus_statrot,
          sprint_mu_cocytus_islands, sprint_mu_zot1]

Skill      XL: |  1  2  3  4  5 |
---------------+----------------+-----
Fighting       | 5 6 7 |  7.9
Maces & Flails | 4 5 6 7 |  7.3
Armour         | 5 6 7 |  7.8
Shields        | 5 6 7 |  7.9

Action                     |  1- 3 |  4- 6 || total
---------------------------+-------+-------++-------
  Melee: Flail             |    17 |    15 ||    32
         Headbutt          |     5 |     1 ||     6
         Kick              |       |     6 ||     6
    Use: Scroll            |       |     4 ||     4
         Potion            |       |     3 ||     3
 Armour: Scale mail        |     7 |     3 ||    10
  Dodge: Dodged            |     4 |     3 ||     7
  Block: Buckler           |     2 |     2 ||     4

Table legend: (Time is in decaauts)
 A = Elapsed time spent in this place.
 B = Non-inter-level travel time spent in this place.
 C = Inter-level travel time spent in this place.
 D = Time resting spent in this place.
 E = Time spent auto-exploring this place.
 F = Levels seen in this place.
 G = Mean time per level.
                   A        B        C        D        E       F      G
               +--------+--------+--------+--------+--------+-----+--------+
         Total |    394 |    394 |      0 |    252 |      0 |   1 |  394.0 |
       Dungeon |    394 |    394 |      0 |    252 |      0 |   1 |  394.0 |
               +--------+--------+--------+--------+--------+-----+--------+

Top non-repeatable levels by time:
       D: 394 daAuts
